 Dungeon Crawl Stone Soup version 0.27.0-1-g7a089689b8 (webtiles) character file.

Game seed: 8246408469827167180

133 Leeroy the Slasher (level 5, 0/38 HPs)
             Began as a Djinni Warper on Aug 6, 2021.
             Slain by a mummy (13 damage)
             ... in an ossuary.
             The game lasted 00:06:54 (4536 turns).

Leeroy the Slasher (Djinni Warper)                  Turns: 4536, Time: 00:06:54

Health: 0/38       AC:  3    Str: 10    XL:     5   Next: 40%
Gold:   82         EV: 12    Int: 15    God:
                   SH:  0    Dex: 13

rFire    + + .     SeeInvis .   a - +0 falchion
rCold    x . .     Faith    .   (no shield)
rNeg     . . .     Spirit   .   b - +0 leather armour
rPois    ∞         Reflect  .   (no helmet)
rElec    .         Harm     .   (no cloak)
rCorr    .         Rampage  .   (no gloves)
Will     .....                  (boots unavailable)
Stlth    +.........             (no amulet)
HPRegen  0.12/turn              (no ring)
MPRegen  0.00/turn              (no ring)

@: on berserk cooldown, flying, slowed, very slow
A: sickness immunity, fire resistance 2, cold vulnerability 1, float, innate
caster, hp casting, extra vitality 1
a: no special abilities


You were in an ossuary.
You visited 1 branch of the dungeon, and saw 4 of its levels.
You also visited: Ossuary.

You collected 82 gold pieces.

Inventory:

Hand Weapons
 a - a +0 falchion (weapon)
 f - a +0 dagger
 p - a +0 hunting sling of flaming
 t - a +1 whip of draining
Missiles
 d - 5 boomerangs of dispersal
 q - 89 stones
Armour
 b - a +0 leather armour (worn)
 g - a +0 chain mail
Magical Staves
 o - a staff of cold
Jewellery
 l - an amulet of regeneration
Scrolls
 c - a scroll of blinking
 h - a scroll of fear {unknown}
 m - a scroll of enchant weapon {unknown}
 n - 3 scrolls of immolation {unknown}
 v - a scroll of identify {unknown}
Potions
 i - a potion of lignification {unknown}
 j - a potion of flight {unknown}
 k - a potion of brilliance {unknown}
 r - a potion of curing {unknown}
 u - 2 potions of attraction {unknown}
 w - a potion of magic {unknown}


   Skills:
 - Level 2.0 Fighting
 - Level 4.1 Long Blades
 - Level 0.7 Throwing
 - Level 1.0 Armour
 + Level 3.4 Dodging
 - Level 2.4 Spellcasting


You couldn't memorise any spells.
You knew the following spells:

 Your Spells              Type           Power      Damage    Failure   Level
a - Blink                 Tloc           N/A        N/A       16%         2
b - Lesser Beckoning      Tloc           4%         N/A       32%         3
c - Gell's Gravitas       Tloc           4%         N/A       32%         3
d - Teleport Other        Tloc           9%         N/A       32%         3
e - Manifold Assault      Tloc           9%         N/A       96%         5
f - Sandblast             Erth           18%        2d7       11%         1
g - Call Imp              Summ           9%         N/A       16%         2
Your spell library was empty.

Dungeon Overview and Level Annotations

Branches:
Dungeon (4/15)            Ossuary (1/1)
 Temple: D:4-7

Altars:
Uskayaw

Shops:
D:3 :


Innate Abilities, Weirdness & Mutations

You are immune to sickness and miasma.
You are immune to poison.
Your flesh is very heat resistant. (rF++)
You are vulnerable to cold. (rC-)
You float through the air rather than walking.
You learn spells naturally, not from books.
Your magical power is your life essence.
You have superior vitality. (+4 HP)


Message History

You destroy the kobold zombie!
The hobgoblin zombie closely misses you.
The mummy misses you.
You riposte.
You barely miss the mummy.
The mummy is severely damaged.
You slash the mummy!
You destroy the mummy!
The hobgoblin zombie misses you.
A mummy comes into view.
You feel a strong urge to attack something.
The hobgoblin zombie closely misses you.
You riposte.
You slash the hobgoblin zombie!
You destroy the hobgoblin zombie!
A mummy comes into view.
You are no longer berserk.
You are exhausted.
You feel yourself slow down.
Throw: 2 javelins
Press: ? - help, Q - select action, (/) - cycle Shift-Dir - straight line, f - mummy
Aim: a mummy (73% to hit)
You throw a javelin.
The javelin pierces through the mummy but does no damage.
Throw: javelin
Press: ? - help, Q - select action, (/) - cycle Shift-Dir - straight line, f/p - mummy
Aim: a mummy (73% to hit)
You throw a javelin. The javelin pierces through the mummy.
The mummy is lightly damaged.
The blast of sand hits the mummy.
The mummy is moderately damaged.
The blast of sand hits the mummy.
The mummy is heavily damaged.
The blast of sand hits the mummy but does no damage.
The mummy is heavily damaged.
The mummy misses you.
You hit the mummy.
The mummy is severely damaged.
The mummy closely misses you. The mummy hits you!
You hit the mummy.
The mummy is almost destroyed.
The mummy hits you!
You die...

##(... #### ..
#..... ##..## ...
#.....##....##...
#................
#...............
#..............
#..M.M...#
#..@...# ##....##
#....# #....#
#....# #....#
#....# #....#
#....#


You could see 2 mummies.

Vanquished Creatures
  4 mummies (Ossuary)
  An adder (D:3)
  2 dart slugs
  4 orcs
  7 ball pythons
  2 bats
  5 endoplasms
  2 giant cockroaches (D:1)
  A gnoll zombie (Ossuary)
  6 goblins
  5 hobgoblins
  7 jackals
  A quokka (D:1)
  A frilled lizard (D:3)
  5 hobgoblin zombies (Ossuary)
  4 kobolds
  A kobold zombie (Ossuary)
  An orc zombie (Ossuary)
  4 rats
  A spectral hobgoblin (D:1)
64 creatures vanquished.

Notes
Turn   | Place    | Note
-------+----------+-------------------------------------------
     0 | D:1      | Leeroy the Djinni Warper began the quest for the Orb.
     0 | D:1      | Reached XP level 1. HP: 18/18 MP: 0/0
    46 | D:1      | Reached skill level 2 in Long Blades
    93 | D:1      | Found a faded altar of an unknown god.
   100 | D:1      | Reached XP level 2. HP: 16/23 MP: 0/0
   618 | D:1      | Reached XP level 3. HP: 28/28 MP: 0/0
   618 | D:1      | Learned a level 1 spell: Sandblast
   703 | D:1      | Reached skill level 3 in Long Blades
  2513 | D:3      | Noticed an ogre
  2592 | D:3      | Reached XP level 4. HP: 33/33 MP: 0/0
  3082 | D:3      | Found Firphoh's Book Shoppe.
  3094 | D:3      | Found a hide-covered altar of Uskayaw.
  3354 | D:3      | Reached skill level 4 in Long Blades
  3707 | D:4      | Found a sand-covered staircase.
  3712 | Ossuary  | Entered an ossuary
  4032 | Ossuary  | Reached XP level 5. HP: 5/38 MP: 0/0
  4032 | Ossuary  | Learned a level 2 spell: Call Imp
  4536 | Ossuary  | Slain by a mummy

Illustrated notes

Levels and vault maps discovered:
D:1:      sevenhm_arrival_forest_fort_small_1, layout_basic,
          dreamdust_ecumenical_altar_drowned_temple,
          chequers_serial_rivers_small_3
D:2:      layout_basic, minmay_pentomino_q4
D:3:      layout_rooms, nicolae_uskayaw_suspiria, old_standard_altar, tgw_trog,
          serial_shops, shop
D:4:      layout_loops_cross, serial_forest, infiniplex_forest_corner_1,
          infiniplex_forest_lined_ring, infiniplex_forest_clump_tiny,
          infiniplex_forest_diagonal, infiniplex_forest_zigzag_1,
          infiniplex_forest_lined_3_way, infiniplex_forest_zigzag_2,
          infiniplex_forest_end_3, enter_ossuary_2, st_stairs_1
Ossuary:  ossuary_tomb_3

Skill      XL: |  1  2  3  4  5 |
---------------+----------------+-----
Long Blades    | 2 3 4 |  4.1
Dodging        | 3 |  3.4
Fighting       | |  2.0
Throwing       | |  0.7
Armour         | |  1.0
Spellcasting   | |  2.4

Action                   |  1- 3 |  4- 6 || total
-------------------------+-------+-------++-------
Melee: Falchion          |   121 |   109 ||   230
Throw: Javelin           |       |     2 ||     2
 Cast: Sandblast         |       |    10 ||    10
       Blink             |       |     1 ||     1
  Use: Potion            |       |     2 ||     2
Armor: Leather armour    |    27 |    37 ||    64
       Chain mail        |    10 |       ||    10
Dodge: Dodged            |    99 |    97 ||   196
       Rpst.: Falchion   |    22 |    32 ||    54
